 Dungeon Crawl Stone Soup version 0.30-a0-187-gd9c2deaf24 (webtiles) character file.

Game seed: 9005798928261656283

209519 sleeves the Peltast (level 18, -9/130 (142) HPs)
             Began as an Armataur Monk on Oct 4, 2022.
             Was the Champion of Hepliaklqana.
             Killed from afar by a tengu reaver (44 damage)
             ... with a bolt of acid
             ... on level 13 of the Dungeon.
             The game lasted 02:21:58 (38436 turns).

sleeves the Peltast (Armataur Monk)                Turns: 38436, Time: 02:21:59

HP:   -9/130 (142)  AC: 12    Str: 16    XL:     18   Next: 16%
MP:   23/26         EV:  7    Int: 18    God:    Hepliaklqana [******]
Gold: 1798          SH: 21    Dex: 20    Spells: 12/27 levels left

rFire   + . .      SeeInvis +    F - +2 trident (venom)
rCold   + . .      Faith    .    A - +0 tower shield {rC+}
rNeg    . . .      Spirit   .    T - +2 leather armour {Will+}
rPois   +          Reflect  .    W - +1 hat {Will+}
rElec   .          Harm     .    y - scarf {+Inv}
rCorr   .          Roll     +    r - +1 pair of gloves {Dex+3}
Will    +++..                    G - +1 barding
Stlth   +++++.....               m - amulet of regeneration
HPRegen 1.21/turn                O - ring of Saebiu {rPois Dex+3 SInv}
MPRegen 0.20/turn                l - ring of protection from fire

@: lethally poisoned (-9 -> -9), corroded, drained
A: reduced essence, large, rugged brown scales 3, deformed body, armoured tail,
roll, long tongue, awkward tongue
}: 1/15 runes: decaying
a: Renounce Religion, Evoke Invisibility, Recall Ancestor, Ancestor Identity,
Transference, Idealise


You were on level 13 of the Dungeon.
You worshipped Hepliaklqana.
Hepliaklqana was exalted by your worship.
You visited 6 branches of the dungeon, and saw 30 of its levels.
You also visited: Bailey.

You collected 2977 gold pieces.
You spent 1179 gold pieces at shops.

Inventory:

Hand Weapons
 F - a +2 trident of venom (weapon)
   (You found it on level 6 of the Dungeon)
Armour
 c - +0 swamp dragon scales
   (You found it on level 4 of the Swamp)
 r - a +1 pair of gloves of dexterity (worn)
   (You bought it in a shop on level 9 of the Dungeon)
 y - a scarf of invisibility (worn)
   (You found it on level 4 of the Dungeon)
 A - a +0 tower shield of cold resistance (worn)
   (You found it on level 2 of the Snake Pit)
 G - a +1 barding (worn)
   (You took it off Nessos on level 3 of the Lair of Beasts)
 P - a +1 tower shield of protection
   (You took it off a naga warrior on level 1 of the Snake Pit)
 T - a +2 leather armour of willpower (worn)
   (You found it on level 10 of the Dungeon)
 W - a +1 hat of willpower (worn)
   (You took it off Gastronok on level 1 of the Lair of Beasts)
 Z - a +0 buckler of positive energy
   (You took it off a tengu warrior on level 15 of the Dungeon)
Jewellery
 l - a ring of protection from fire (right hand)
   (You found it on level 3 of the Snake Pit)
 m - an amulet of regeneration (around neck)
   (You found it on level 11 of the Dungeon)
 C - the ring "Xuazygic" {Fly rElec Int+4}
   (You bought it in a shop on level 2 of the Orcish Mines)

   [ring of flight]

   Int:       It affects your intelligence (+4).
   rElec:     It insulates you from electricity.
   Fly:       It grants you flight.
 N - a ring of positive energy
   (You found it on level 8 of the Dungeon)
 O - the ring of Saebiu (left hand) {rPois Dex+3 SInv}
   (You found it on level 3 of the Lair of Beasts)

   [ring of see invisible]

   Dex:       It affects your dexterity (+3).
   rPois:     It protects you from poison.
   SInv:      It lets you see invisible.
Wands
 b - a wand of roots (3)
   (You took it off Sigmund on level 6 of the Dungeon)
 J - a wand of acid (8)
   (You found it on level 10 of the Dungeon)
 K - a wand of digging (7)
   (You found it on level 3 of the Swamp)
Scrolls
 d - 5 scrolls of magic mapping
 e - 13 scrolls of teleportation
 f - 2 scrolls of torment
 g - 6 scrolls of enchant weapon
 i - 3 scrolls of vulnerability
 o - 3 scrolls of blinking
 p - 6 scrolls of fog
 q - 7 scrolls of enchant armour
 v - 3 scrolls of poison
 B - 5 scrolls of immolation
 E - a scroll of acquirement
 I - a scroll of silence
 L - 4 scrolls of amnesia
 Y - a scroll of brand weapon
Potions
 a - a potion of magic
 h - 6 potions of curing
 j - 5 potions of heal wounds
 k - 5 potions of brilliance
 n - a potion of resistance
 s - 4 potions of ambrosia
 t - 2 potions of might
 u - 3 potions of mutation
 w - 3 potions of lignification
 x - 3 potions of haste
 z - 8 potions of attraction
 R - 5 potions of flight
 S - 2 potions of invisibility
Miscellaneous
 U - a phantom mirror
   (You found it in a bailey)


   Skills:
 - Level 10.0 Fighting
 - Level 14.0 Polearms
 - Level 6.4 Throwing
 - Level 4.2 Armour
 - Level 2.1 Dodging
 - Level 13.0 Stealth
 + Level 15.9 Shields
 - Level 5.0 Spellcasting
 + Level 9.2 Hexes
 - Level 12.2 Summonings
 - Level 8.1 Translocations
 - Level 11.0 Invocations


You had 12 spell levels left.
You knew the following spells:

 Your Spells              Type           Power      Damage    Failure   Level
a - Summon Guardian Gole  Hex/Summ       43%        N/A       1%          3
b - Summon Ice Beast      Ice/Summ       26%        N/A       32%         4
c - Passage of Golubria   Tloc           33%        N/A       14%         4
d - Anguish               Hex/Necr       10%        N/A       52%         4

Your spell library contained the following spells:

 Spells                   Type           Power      Damage    Failure   Level
 Apportation              Tloc           66%        N/A       1%          1
 Summon Small Mammal      Summ           100%       N/A       1%          1
 Blink                    Tloc           66%        N/A       1%          2
 Call Imp                 Summ           48%        N/A       1%          2
 Call Canine Familiar     Summ           48%        N/A       1%          3
 Tukima's Dance           Hex            37%        N/A       2%          3
 Portal Projectile        Hex/Tloc       70%        N/A       3%          3
 Lesser Beckoning         Tloc           66%        N/A       4%          3
 Momentum Strike          Conj/Tloc      38%        3d9       11%         2
 Dazzling Flash           Conj/Hex       42%        N/A       19%         3
 Animate Armour           Summ/Erth      52%        N/A       32%         4
 Beastly Appendage        Tmut           8%         N/A       36%         1
 Freeze                   Ice            16%        1d4       36%         1
 Magic Dart               Conj           16%        1d3       36%         1
 Sandblast                Erth           8%         2d5       36%         1
 Wereblood                Tmut           4%         N/A       52%         2
 Iskenderun's Mystic Bla  Conj/Tloc      19%        2d6       58%         4
 Frozen Ramparts          Ice            8%         1d2       75%         3
 Mephitic Cloud           Conj/Pois/Air  4%         N/A       75%         3
 Ozocubu's Armour         Ice            4%         N/A       75%         3
 Spider Form              Tmut/Pois      4%         N/A       75%         3
 Yara's Violent Unravell  Hex/Tmut       10%        3d6       86%         5
 Ice Form                 Ice/Tmut       4%         N/A       98%         4
 Alistair's Intoxication  Tmut/Pois      2%         N/A       100%        5
 Blade Hands              Tmut           2%         N/A       100%        5
 Freezing Cloud           Conj/Ice/Air   2%         6-21      100%        5
 Iron Shot                Conj/Erth      2%         9d2       100%        6
 Simulacrum               Ice/Necr       2%         N/A       100%        6
 Starburst                Conj/Fire      2%         6d3       100%        6
 Enfeeble                 Hex            18%        N/A       100%        7
 Ozocubu's Refrigeration  Ice            2%         4d7       100%        7
 Polar Vortex             Ice            2%         N/A       100%        9


Dungeon Overview and Level Annotations

Branches:
Dungeon (15/15)            Temple (0/1) D:6            Lair (5/5) D:10
  Swamp (4/4) Lair:3        Snake (3/4) Lair:3        Slime (0/5) Lair:4
    Orc (2/2) D:12            Elf (0/3) Orc:2        Vaults (1/5) D:13
 Depths (0/4) D:15         Bailey (visited)

Altars:
Dithmenos
Fedhas
Hepliaklqana
Kikubaaqudgha
Okawaru
Trog
Uskayaw
Xom
Lugonu

Shops:
D:5 (   D:9 (:[*   Orc:2 !*=*(   Snake:2 [

Portals:
Abyss: Lair:5

Annotations:
D:5 exclusion: downstairs
Lair:1 3 runed translucent doors
Lair:4 2 transporters, Muuss's ghost, adept GnHW
Snake:1 3 runed translucent doors, exclusion: downstairs, Bajut's ghost, adept DsGl
Snake:2 3 runed translucent doors, Pooter's ghost, journeyman MiBe; Vashnia


Innate Abilities, Weirdness & Mutations

Your life essence is reduced to manifest your ancestor. (-10% HP)
You are completely covered in rugged brown scales. (AC +3, +7% HP)
Armour fits poorly on your strangely shaped body.
You have a long armoured tail.
You roll when moving toward enemies. (Rampage)
Your long tongue fully drains potion bottles. (2x potion effects)
Your tongue gives you trouble enunciating. (1.5x scroll delay)


Message History

Your guardian golem is destroyed!
Your guardian golem disappears in a puff of smoke!
Casting: Summon Guardian Golem (safe; 1% risk of failure)
Confirm with . or Enter, or press ? or * to list all spells.
A guardian golem appears, shielding your allies.
The white ugly thing engulfs your guardian golem!
The white ugly thing freezes your guardian golem!
Your guardian golem resists.
Casting: Summon Guardian Golem (safe; 1% risk of failure)
Confirm with . or Enter, or press ? or * to list all spells.
A guardian golem appears, shielding your allies.
Your guardian golem disappears in a puff of smoke!
Unknown command.
Casting: Summon Guardian Golem (safe; 1% risk of failure)
Confirm with . or Enter, or press ? or * to list all spells.
Aiming: Passage of Golubria (dangerous; 11% risk of failure)
Press: ? - help, Dir - move target You miscast Passage of Golubria.
You are very lightly contaminated with residual magic.
Nothing appears to happen.
* * * LOW MAGIC WARNING * * *
You block the white ugly thing's attack.
Casting: Passage of Golubria (dangerous; 11% risk of failure)
Confirm with . or Enter, or press ? or * to list all spells.
You don't have enough magic to cast this spell.
Shatamurrim hits the dire elephant but does no damage.
Shatamurrim barely misses the dire elephant.
You hit the white ugly thing.
The white ugly thing is poisoned.
Your tail-slap misses the white ugly thing.
The white ugly thing is lightly wounded.
Shatamurrim hits the dire elephant with a +0 dagger of draining!
You hit the white ugly thing but do no damage.
The white ugly thing looks as sick as possible!
Your tail-slap misses the white ugly thing.
The white ugly thing is lightly wounded.
The white ugly thing engulfs you.
* * * LOW HITPOINT WARNING * * *
The white ugly thing freezes you! You resist.
* * * LOW HITPOINT WARNING * * *
Shatamurrim hits the dire elephant but does no damage.
Shatamurrim drains the dire elephant.
Shatamurrim hits the dire elephant with a +0 dagger of draining!
Casting: Passage of Golubria (dangerous; 11% risk of failure)
Confirm with . or Enter, or press ? or * to list all spells.
Aiming: Passage of Golubria (dangerous; 11% risk of failure)
Press: ? - help, Dir - move target
* * * LOW MAGIC WARNING * * *
The white ugly thing engulfs you.
* * * LOW HITPOINT WARNING * * *
The white ugly thing freezes you! You resist.
* * * LOW HITPOINT WARNING * * *
Shatamurrim hits the dire elephant with a +0 dagger of draining. x2
Shatamurrim drains the dire elephant.
The white ugly thing attacks as you move away!
You block the white ugly thing's attack.
Shatamurrim hits the dire elephant with a +0 dagger of draining.
Shatamurrim drains the dire elephant.
You enter the passage of Golubria.
There is a passage of Golubria, spattered with blood here.
You see here 6 large rocks.
You enter the passage of Golubria.
Your magical contamination has completely faded away.
There is an open gate here.
Which direction?
There isn't anything that you can close there!
Which direction?
You reach down and close the gate.
You hear a snapping sound.
Your passage of Golubria closes with a snap!
You start resting.
Shatamurrim has departed this plane of existence.
You start resting.
Shatamurrim emerges from the mists of memory!
You start resting.
HP restored.
You start resting.
Magic restored.
Nothing quivered!
Nothing quivered!
Nothing quivered!
Nothing quivered!
(D) Dungeon (T) Temple (L) Lair (S) Swamp (P) Snake Pit (M) Slime Pits (O) Orcish Mines (E) Elven Halls (V) Vaults (U) Depths
Where to? (Enter - D:13 @ (x,y), ? - help)
What level of the Vaults? (default 1, ? - help)
There is a gate to the Vaults here.
You fly down through the gate.
Welcome back to the Vaults!
This branch contains the silver rune of Zot.
You block the vault sentinel's attack. x2
The vault sentinel points at you and mumbles some strange words.
You resist with some effort.
The vault sentinel points at you and mumbles some strange words.
You resist with some effort.
The yaktaur shoots a bolt.
The bolt hits you!
There is a gate leading back out of this place, spattered with blood here.
You can't go down here!
You can't go down here!
The yaktaur shoots a bolt.
The bolt hits you!
You fly up through the gate.
Welcome back to the Dungeon!
There is a gate to the Vaults here.
You closely miss the vault sentinel.
The vault sentinel splashes around in the water.
The vault sentinel blows a loud note on a signal horn!
You closely miss the vault sentinel.
Shatamurrim points at the vault sentinel and mumbles some strange words.
The vault sentinel resists with some effort.
You puncture the vault sentinel!
The vault sentinel is poisoned.
The vault sentinel is lightly wounded.
The vault sentinel casts a spell at you.
A sentinel's mark forms upon you.
The vault sentinel blows a loud note on a signal horn!
You hit the vault sentinel.
Your tail-slap misses the vault sentinel.
The vault sentinel is lightly wounded.
The vault sentinel points at you and mumbles some strange words.
You resist with some effort.
The vault sentinel points at you and mumbles some strange words.
You resist with some effort.
Shatamurrim completely misses the vault sentinel.
You hit the vault sentinel but do no damage.
The vault sentinel looks as sick as possible!
You tail-slap the vault sentinel.
The vault sentinel is lightly wounded.
Shatamurrim hits the vault sentinel with a +0 dagger of draining!
Shatamurrim drains the vault sentinel.
The vault sentinel blows a loud note on a signal horn!
You block the vault sentinel's attack.
The vault sentinel hits Shatamurrim with a +0 war axe.
You completely miss the vault sentinel. You tail-slap the vault sentinel.
The vault sentinel is severely wounded.
Shatamurrim gestures at the vault sentinel while chanting.
The vault sentinel suddenly stops moving!
The helpless vault sentinel fails to defend itself.
You puncture the vault sentinel!
The vault sentinel looks as sick as possible!
You tail-slap the vault sentinel, but do no damage.
The vault sentinel is almost dead.
The vault sentinel gestures at you while chanting.
You resist with some effort.
Shatamurrim hits the vault sentinel with a +0 dagger of draining!
The vault sentinel dies!
You hit the vault sentinel but do no damage.
The vault sentinel is poisoned.
You tail-slap the vault sentinel.
The vault sentinel is lightly wounded.
Shatamurrim closely misses the vault sentinel.
The vault sentinel splashes around in the water.
You closely miss the vault sentinel.
Your tail-slap misses the vault sentinel.
The vault sentinel is lightly wounded.
Shatamurrim gestures at the vault sentinel while chanting.
The vault sentinel resists with some effort.
You puncture the vault sentinel!
The vault sentinel looks as sick as possible!
The vault sentinel is moderately wounded.
The vault sentinel gestures at you while chanting.
You resist with some effort.
Shatamurrim hits the vault sentinel with a +0 dagger of draining!
Shatamurrim drains the vault sentinel.
You barely miss the vault sentinel.
The vault sentinel is heavily wounded.
Shatamurrim hits the vault sentinel with a +0 dagger of draining.
The vault sentinel blows a loud note on a signal horn!
Shatamurrim hits the vault sentinel with a +0 dagger of draining.
Shatamurrim drains the vault sentinel.
You closely miss the vault sentinel. You tail-slap the vault sentinel.
The vault sentinel is almost dead.
Shatamurrim closely misses the vault sentinel.
The vault sentinel hits you with a +0 war axe.
The vault sentinel hits Shatamurrim with a +0 war axe!
You puncture the vault sentinel!
You kill the vault sentinel!
You hear a splash. x2
No target in view!
You start resting.
Ancestor HP restored.
You start resting.
HP restored.
Nothing quivered!
Unknown command.
Unknown command.
Unknown command.
Unknown command.
Unknown command.
Unknown command.
Unknown command.
Unknown command.
Unknown command.
Unknown command.
Unknown command.
Unknown command.
You start waiting.
The sentinel's mark upon you fades away.
Unknown command.
You fly down through the gate.
Welcome back to the Vaults!
This branch contains the silver rune of Zot.
You block the white very ugly thing's attack.
There is a gate leading back out of this place, spattered with blood here.
The yaktaur shoots a bolt.
The bolt hits Shatamurrim!!
The white very ugly thing punches you but does no damage.
Shatamurrim hits the white very ugly thing with a +0 dagger of draining!
Shatamurrim points at the white very ugly thing and mumbles some strange words.
The white very ugly thing resists with some effort.
You fly up through the gate.
Welcome back to the Dungeon!
There is a gate to the Vaults here.
You puncture the white very ugly thing!
The white very ugly thing is moderately wounded.
The white very ugly thing closely misses you.
You completely miss the white very ugly thing.
Your tail-slap misses the white very ugly thing.
The white very ugly thing is moderately wounded.
Shatamurrim hits the white very ugly thing with a +0 dagger of draining.
You block the white very ugly thing's attack.
Shatamurrim casts a spell at the white very ugly thing.
The white very ugly thing suddenly stops moving!
The helpless white very ugly thing fails to defend itself.
You hit the white very ugly thing but do no damage.
The white very ugly thing is poisoned.
You tail-slap the white very ugly thing.
The white very ugly thing is heavily wounded.
The helpless white very ugly thing fails to defend itself.
You impale the white very ugly thing!!
The white very ugly thing looks as sick as possible!
You tail-slap the white very ugly thing!
The white very ugly thing is severely wounded.
Shatamurrim hits the white very ugly thing with a +0 dagger of draining.
Shatamurrim drains the white very ugly thing.
Shatamurrim hits the white very ugly thing with a +0 dagger of draining!
The white very ugly thing dies!
No target in view!
No target in view!
You fly down through the gate.
Welcome back to the Vaults!
This branch contains the silver rune of Zot.
The yaktaur shoots a bolt.
You block the bolt.
The yaktaur shoots a bolt.
The bolt closely misses you.
You hear a shout! x2
There is a gate leading back out of this place, spattered with blood here.
You reach to attack!
You barely miss the yaktaur.
You reach to attack!
You hit the yaktaur but do no damage.
The yaktaur is poisoned.
You hit the yaktaur.
The yaktaur looks as sick as possible!
You tail-slap the yaktaur.
The yaktaur is lightly wounded.
An ironbound preserver comes into view. It is wielding a +0 mace.
The yaktaur unwields a +0 arbalest.
You block the yaktaur's attack.
Shatamurrim is recalled.
The deep troll bites Shatamurrim!!
The deep troll claws Shatamurrim but does no damage.
The deep troll claws Shatamurrim!
The yaktaur barely misses you.
You puncture the yaktaur!
The yaktaur looks as sick as possible!
You tail-slap the yaktaur.
The yaktaur is heavily wounded.
Shatamurrim points at the deep troll and mumbles some strange words.
The deep troll resists with some effort.
The deep troll bites Shatamurrim!!
The deep troll claws Shatamurrim!
Shatamurrim is destroyed!
You puncture the yaktaur!
The yaktaur is almost dead.
The yaktaur hits you! You block the yaktaur's attack. The deep troll bites you.
The deep troll claws you. x2
You fly up through the gate.
Welcome back to the Dungeon!
There is a gate to the Vaults here.
You hit the yaktaur but do no damage.
The yaktaur looks as sick as possible!
The yaktaur is almost dead.
You block the yaktaur's attack.
You hit the yaktaur but do no damage.
The yaktaur looks as sick as possible!
You tail-slap the yaktaur.
You kill the yaktaur!
The deep troll bites you but does no damage.
The deep troll closely misses you. You block the deep troll's attack.
You hit the deep troll.
Your tail-slap misses the deep troll.
The deep troll is lightly wounded.
The deep troll bites you! You block the deep troll's attack.
The deep troll claws you!
You hit the deep troll but do no damage.
The deep troll is poisoned.
The deep troll is lightly wounded.
The deep troll bites you! You block the deep troll's attack. x2
You are too injured to fight recklessly!
You are too injured to fight recklessly!
You are too injured to fight recklessly!
Unknown command.
Unknown command.
Casting: Passage of Golubria (dangerous; 11% risk of failure)
Confirm with . or Enter, or press ? or * to list all spells.
Casting: Anguish (dangerous; 45% risk of failure)
Press: ? - help, Dir - look around, f - activate You miscast Anguish.
You are very lightly contaminated with residual magic.
Pain shoots through your body!
You feel drained. You block the deep troll's attack. x3
Okay, then.
Okay, then.
Aiming: Corrosive Bolt
Press: ? - help, Shift-Dir - straight line, f - deep troll
Aim: a deep troll (very poisoned, 71% to hit)
The bolt of acid hits the deep troll.
The acid corrodes the deep troll!
The deep troll is lightly wounded.
The deep troll bites you. You block the deep troll's attack.
The deep troll barely misses you.
Aiming: Corrosive Bolt
Press: ? - help, Shift-Dir - straight line, f/p - deep troll
Aim: a deep troll (lightly wounded, very poisoned, covered in acid, 71% to hit)
The bolt of acid hits the deep troll!
The deep troll is moderately wounded.
The deep troll bites you but does no damage.
The deep troll claws you but does no damage.
You block the deep troll's attack.
Unknown command.
You hit the deep troll. You tail-slap the deep troll.
The deep troll is moderately wounded.
You hit the deep troll.
The deep troll looks as sick as possible!
You tail-slap the deep troll.
The deep troll is heavily wounded.
You block the deep troll's attack. The deep troll claws you.
You block the deep troll's attack.
You puncture the deep troll!
The deep troll looks as sick as possible!
The deep troll is heavily wounded.
You block the deep troll's attack.
The deep troll claws you but does no damage.
You block the deep troll's attack.
You hit the deep troll.
The deep troll looks as sick as possible!
You tail-slap the deep troll.
The deep troll is severely wounded.
You block the deep troll's attack. x2; The deep troll claws you.
You closely miss the deep troll. You tail-slap the deep troll.
The deep troll is almost dead.
You hit the deep troll.
The deep troll looks as sick as possible!
The deep troll is almost dead.
The deep troll bites you but does no damage.
You block the deep troll's attack. The deep troll claws you!
You puncture the deep troll!
You kill the deep troll!
You see here a deep troll corpse.
You start resting.
Your magical contamination has completely faded away.
You start resting.
Magic restored.
d - 5 scrolls of magic mapping (gained 1)
Things that are here:
a +0 scale mail; a +0 morningstar
There is a gate to the Vaults, spattered with blood here.
You start resting.
Shatamurrim emerges from the mists of memory!
Things that are here:
a +0 ring mail; a +0 war axe
Things that are here:
a +0 arbalest; a very ugly thing corpse
There is a gate to the Vaults, spattered with blood here.
You start resting.
HP restored.
You fly down through the gate.
Welcome back to the Vaults!
This branch contains the silver rune of Zot.
The ironbound preserver hits you with a +0 mace!
You block the deep troll's attack. The deep troll claws you!
You block the deep troll's attack.
There is a gate leading back out of this place, spattered with blood here.
You block the deep troll's attack. The deep troll claws you.
You block the deep troll's attack.
The ironbound preserver gestures wildly while chanting.
The ironbound preserver begins to accept its allies' injuries.
Shatamurrim hits the ironbound preserver with a +0 dagger of draining!
Shatamurrim drains the ironbound preserver.
You fly up through the gate.
Welcome back to the Dungeon!
There is a gate to the Vaults, spattered with blood here.
Casting: Anguish (dangerous; 45% risk of failure)
Confirm with . or Enter, or press ? or * to list all spells.
You don't know that spell.
Casting: Anguish (dangerous; 45% risk of failure)
Confirm with . or Enter, or press ? or * to list all spells.
A guardian golem appears, shielding your allies.
You block the deep troll's attack. The deep troll claws you.
The deep troll claws you but does no damage.
You block the ironbound preserver's attack.
You puncture the ironbound preserver!
The ironbound preserver is poisoned.
The ironbound preserver is moderately wounded.
The deep troll bites you!! The deep troll claws you! The deep troll claws you.
The ironbound preserver hits you with a +0 mace!!
Shatamurrim hits the deep troll with a +0 dagger of draining!
Shatamurrim drains the deep troll.
You are too injured to fight recklessly!
Shatamurrim closely misses the deep troll.
The ironbound preserver hits Shatamurrim with a +0 mace!
The deep troll bites Shatamurrim but does no damage.
The deep troll claws Shatamurrim!
The deep troll closely misses Shatamurrim.
Shatamurrim points at the deep troll and mumbles some strange words.
The deep troll suddenly stops moving!
Things that are here:
a +0 ring mail; a +0 war axe You are too injured to fight recklessly!
Reach: F) +2 trident (venom)
Press: ? - help, Dir - move target, f - deep troll
Aim: a deep troll (lightly wounded, sheltered from injuries, paralysed, lightly drained, ally target, about 2% to evade your +2 trident of venom)
You reach to attack!
The helpless deep troll fails to defend itself.
You puncture the deep troll!
The deep troll is poisoned.
The deep troll is moderately wounded.
Reach: F) +2 trident (venom)
Press: ? - help, Dir - move target, f/p - deep troll
Aim: a deep troll (moderately wounded, sheltered from injuries, paralysed, very poisoned, lightly drained, ally target, about 2% to evade your +2 trident of venom)
You reach to attack!
The helpless deep troll fails to defend itself.
You hit the deep troll.
The deep troll is moderately wounded.
The ironbound preserver hits Shatamurrim with a +0 mace!
Shatamurrim casts a spell at the deep troll.
Reach: F) +2 trident (venom)
Press: ? - help, Dir - move target, f/p - deep troll
Aim: a deep troll (moderately wounded, sheltered from injuries, paralysed, very poisoned, lightly drained, ally target, about 2% to evade your +2 trident of venom)
You reach to attack!
The helpless deep troll fails to defend itself.
You puncture the deep troll!
The deep troll is heavily wounded.
The ironbound preserver closely misses Shatamurrim.
Shatamurrim hits the deep troll but does no damage.
Reach: F) +2 trident (venom)
Press: ? - help, Dir - move target, f/p - deep troll
Aim: a deep troll (heavily wounded, sheltered from injuries, paralysed, very poisoned, lightly drained, ally target, about 2% to evade your +2 trident of venom)
You reach to attack!
The helpless deep troll fails to defend itself.
You perforate the deep troll like a sieve!!!
The deep troll looks as sick as possible!
The deep troll is almost dead.
Shatamurrim hits the deep troll with a +0 dagger of draining!
The deep troll dies!
The ironbound preserver casts a spell.
The ironbound preserver is healed somewhat.
Shatamurrim hits the ironbound preserver with a +0 dagger of draining.
Shatamurrim drains the ironbound preserver.
Reach: F) +2 trident (venom)
Press: ? - help, Dir - move target, f - ironbound preserver
Aim: an ironbound preserver, wielding a +0 mace and wearing a +0 leather armour (heavily wounded, very poisoned, lightly drained, ally target, about 17% to evade your +2 trident of venom)
You reach to attack!
You hit the ironbound preserver.
The ironbound preserver looks as sick as possible!
The ironbound preserver is heavily wounded.
Shatamurrim casts a spell at the ironbound preserver.
The ironbound preserver resists with some effort.
Reach: F) +2 trident (venom)
Press: ? - help, Dir - move target, f/p - ironbound preserver
Aim: an ironbound preserver, wielding a +0 mace and wearing a +0 leather armour (severely wounded, not watching you, extremely poisoned, lightly drained, ally target, about 17% to evade your +2 trident of venom)
You reach to attack!
You puncture the ironbound preserver!
The ironbound preserver looks as sick as possible!
The ironbound preserver is severely wounded.
The ironbound preserver gestures wildly while chanting.
The ironbound preserver is healed somewhat.
Shatamurrim hits the ironbound preserver with a +0 dagger of draining!
Reach: F) +2 trident (venom)
Press: ? - help, Dir - move target, f/p - ironbound preserver
Aim: an ironbound preserver, wielding a +0 mace and wearing a +0 leather armour (severely wounded, not watching you, extremely poisoned, lightly drained, ally target, about 17% to evade your +2 trident of venom)
You reach to attack!
You hit the ironbound preserver.
The ironbound preserver looks as sick as possible!
The ironbound preserver is severely wounded.
The ironbound preserver barely misses Shatamurrim.
Shatamurrim hits the ironbound preserver with a +0 dagger of draining!
Reach: F) +2 trident (venom)
Press: ? - help, Dir - move target, f/p - ironbound preserver
Aim: an ironbound preserver, wielding a +0 mace and wearing a +0 leather armour (almost dead, extremely poisoned, lightly drained, ally target, about 17% to evade your +2 trident of venom)
You reach to attack!
You hit the ironbound preserver.
The ironbound preserver looks as sick as possible!
The ironbound preserver is almost dead.
Shatamurrim hits the ironbound preserver with a +0 dagger of draining!
Shatamurrim drains the ironbound preserver.
The ironbound preserver dies!
Your life force feels restored.
You swap places.
There is a gate to the Vaults, spattered with blood here.
You start resting.
Magic restored.
You start resting.
Ancestor HP restored.
You start resting.
Your guardian golem disappears in a puff of smoke!
HP restored.
Unknown command.
You fly down through the gate.
Welcome back to the Vaults!
This branch contains the silver rune of Zot.
Something unseen opens the door.
There is a gate leading back out of this place, spattered with blood here.
A deep troll comes into view. x2
Shatamurrim gestures at the deep troll while chanting.
The deep troll resists with some effort.
There is a gate leading back out of this place, spattered with blood here.
Casting: Summon Guardian Golem (safe; 1% risk of failure)
Confirm with . or Enter, or press ? or * to list all spells.
A guardian golem appears, shielding your allies.
You reach to attack!
You puncture the deep troll!
The deep troll is poisoned.
The deep troll is lightly wounded.
You reach to attack!
You hit the deep troll.
The deep troll is lightly wounded.
The deep troll bites Shatamurrim!
The deep troll claws Shatamurrim!
The deep troll claws Shatamurrim.
Shatamurrim hits the deep troll with a +0 dagger of draining!
You reach to attack!
You hit the deep troll.
The deep troll looks as sick as possible!
The deep troll is heavily wounded.
Shatamurrim gestures at the deep troll while chanting.
The deep troll resists with some effort.
The deep troll bites Shatamurrim!!
The deep troll claws Shatamurrim! x2
Your guardian golem overheats!
You reach to attack!
You hit the deep troll but do no damage.
The deep troll looks as sick as possible!
The deep troll is heavily wounded.
Shatamurrim hits the deep troll but does no damage.
You reach to attack!
You puncture the deep troll!
The deep troll looks as sick as possible!
The deep troll is severely wounded.
Shatamurrim closely misses the deep troll.
The deep troll closely misses Shatamurrim.
The deep troll claws Shatamurrim!
Flame seeps out of your guardian golem.
The deep troll claws Shatamurrim but does no damage.
Shatamurrim barely misses the deep troll.
You reach to attack!
You hit the deep troll.
The deep troll looks as sick as possible!
The deep troll is severely wounded.
The deep troll closely misses Shatamurrim.
The deep troll claws Shatamurrim.
Flame seeps out of your guardian golem.
The deep troll claws Shatamurrim.
Flame seeps out of your guardian golem.
The deep troll bites Shatamurrim.
The deep troll closely misses Shatamurrim.
The deep troll claws Shatamurrim!
Flame seeps out of your guardian golem.
Shatamurrim points at the deep troll and mumbles some strange words.
The deep troll resists with some effort.
The deep troll bites your guardian golem!!
Your guardian golem disappears in a puff of smoke!
Your guardian golem explodes!
The fiery explosion engulfs Shatamurrim!
Shatamurrim resists.
The fiery explosion engulfs you!
The fiery explosion engulfs the deep troll!!!
The deep troll dies!
Shatamurrim gestures at the deep troll while chanting.
The deep troll resists with some effort.
The deep troll closely misses Shatamurrim.
The deep troll claws Shatamurrim!
The deep troll closely misses Shatamurrim.
You hear a shout! x4; You hear a roar!
You are engulfed in blazing flames.
Shatamurrim completely misses the deep troll.
The deep troll bites Shatamurrim but does no damage.
The deep troll claws Shatamurrim!
Shatamurrim is destroyed!
There is a gate leading back out of this place, spattered with blood here.
Unknown command.
You reach to attack!
You closely miss the deep troll.
You are engulfed in blazing flames.
Unknown command.
You are engulfed in blazing flames.
You fly up through the gate.
Welcome back to the Dungeon!
There is a gate to the Vaults, spattered with blood here.
You start resting.
Magic restored.
You start resting.
HP restored.
You start waiting.
Shatamurrim emerges from the mists of memory!
You fly down through the gate.
Welcome back to the Vaults!
This branch contains the silver rune of Zot.
You block the deep troll's attack. x2
The deep troll claws you but does no damage.
You block the ironbound convoker's attack.
The deep troll completely misses you. You block the deep troll's attack.
The deep troll claws you.
There is a gate leading back out of this place, spattered with blood here.
You block the deep troll's attack.
The deep troll claws you but does no damage.
You block the deep troll's attack.
The ironbound convoker begins to recite a word of recall!
The ironbound convoker closely misses you.
You hear a shout!
You fly up through the gate.
Welcome back to the Dungeon!
There is a gate to the Vaults, spattered with blood here.
Casting: Summon Guardian Golem (safe; 1% risk of failure)
Confirm with . or Enter, or press ? or * to list all spells.
You don't know that spell.
You swap places.
You block the deep troll's attack. x2
The deep troll barely misses you.
The ironbound convoker casts a spell at the deep troll.
The deep troll seems to grow stronger.
Shatamurrim hits the deep troll with a +0 dagger of draining.
Shatamurrim drains the deep troll.
Items here: )) [[ †.
The deep troll attacks as you move away!
You block the deep troll's attack. The deep troll claws you!
The deep troll claws you but does no damage.
Shatamurrim barely misses the deep troll.
The ironbound convoker hits Shatamurrim with a +0 great mace!
Shatamurrim hits the deep troll with a +0 dagger of draining!
There is an open door here.
Casting: Summon Guardian Golem (safe; 1% risk of failure)
Confirm with . or Enter, or press ? or * to list all spells.
A guardian golem appears, shielding your allies.
Shatamurrim hits the deep troll with a +0 dagger of draining.
The ironbound convoker hits Shatamurrim but does no damage.
You block the deep troll's attack. The deep troll claws you!
You block the deep troll's attack.
Shatamurrim hits the deep troll with a +0 dagger of draining!
Shatamurrim drains the deep troll.
You catch the helpless deep troll completely off-guard!
You hit the deep troll.
You tail-slap the deep troll, but do no damage.
The deep troll is severely wounded.
Shatamurrim gestures at the deep troll while chanting.
The deep troll resists with significant effort.
The ironbound convoker hits Shatamurrim with a +0 great mace!!
The deep troll barely misses Shatamurrim.
The deep troll claws Shatamurrim! x2
You strike the helpless deep troll from behind!
You hit the deep troll.
The deep troll is poisoned.
You tail-slap the deep troll.
The deep troll is severely wounded.
Shatamurrim hits the deep troll with a +0 dagger of draining!
Shatamurrim drains the deep troll.
The deep troll dies!
The ironbound convoker hits Shatamurrim with a +0 great mace!!
Shatamurrim hits the ironbound convoker with a +0 dagger of draining!
Shatamurrim drains the ironbound convoker.
Your guardian golem overheats!
Shatamurrim hits the ironbound convoker with a +0 dagger of draining.
Shatamurrim drains the ironbound convoker.
The ironbound convoker hits Shatamurrim with a +0 great mace!!
Flame seeps out of your guardian golem.
Items here: )) [[ ††.
You reach to attack!
You hit the ironbound convoker.
The ironbound convoker is heavily wounded.
Shatamurrim hits the ironbound convoker with a +0 dagger of draining.
Shatamurrim drains the ironbound convoker.
Your guardian golem is engulfed in blazing flames.
Flame seeps out of your guardian golem.
You reach to attack!
You barely miss the ironbound convoker.
The ironbound convoker is heavily wounded.
Shatamurrim casts a spell at the ironbound convoker.
The ironbound convoker resists with significant effort.
The ironbound convoker closely misses Shatamurrim.
Your guardian golem is engulfed in blazing flames.
Flame seeps out of your guardian golem.
You reach to attack!
You hit the ironbound convoker but do no damage.
The ironbound convoker is poisoned.
The ironbound convoker is heavily wounded.
Shatamurrim hits the ironbound convoker with a +0 dagger of draining.
Shatamurrim drains the ironbound convoker.
The ironbound convoker hits Shatamurrim with a +0 great mace!
Flame seeps out of your guardian golem.
You reach to attack!
You puncture the ironbound convoker!
You kill the ironbound convoker!
Your Hexes skill increases to level 9!
No target in view!
There is an open door, spattered with blood here.
You see here a +0 broad axe.
You start resting.
Magic restored.
You start resting.
HP restored.
You swap places.
There is an open door, spattered with blood here.
You start resting.
Your guardian golem disappears in a puff of smoke!
Ancestor HP restored.
Items here: )) [[ ††.
There is a gate to the Vaults, spattered with blood here.
You fly down through the gate.
Welcome back to the Vaults!
This branch contains the silver rune of Zot.
You block the ironbound convoker's attack.
There is a gate leading back out of this place, spattered with blood here.
You hit the ironbound convoker but do no damage.
Your tail-slap misses the ironbound convoker.
The ironbound convoker begins to recite a word of recall!
You puncture the ironbound convoker! You tail-slap the ironbound convoker!
The ironbound convoker is moderately wounded.
Shatamurrim hits the ironbound convoker with a +0 dagger of draining!
You barely miss the ironbound convoker.
The ironbound convoker is heavily wounded.
Shatamurrim hits the ironbound convoker with a +0 dagger of draining.
Shatamurrim drains the ironbound convoker.
You catch the helpless ironbound convoker completely off-guard!
You puncture the ironbound convoker!
The ironbound convoker is almost dead.
Shatamurrim hits the ironbound convoker with a +0 dagger of draining. x2
You catch the helpless ironbound convoker completely off-guard!
You hit the ironbound convoker.
You kill the ironbound convoker!
The ironbound preserver mumbles some strange words.
The ironbound preserver begins to accept its allies' injuries.
You roll towards the ironbound preserver!
A deep elf sorcerer comes into view.
It is wielding a +0 long sword of electrocution.
The ironbound preserver barely misses you.
You hit the ironbound preserver.
The ironbound preserver is poisoned.
You tail-slap the ironbound preserver.
The ironbound preserver is lightly wounded.
The ironbound preserver closely misses you.
Casting: Summon Guardian Golem (safe; 1% risk of failure)
Confirm with . or Enter, or press ? or * to list all spells.
A guardian golem appears, shielding your allies.
The deep elf sorcerer mumbles some strange words.
The deep elf sorcerer seems to speed up.
The ironbound preserver hits you with a +0 flail.
Shatamurrim points at the ironbound preserver and mumbles some strange words.
The ironbound preserver resists with some effort.
You hear a shout!
You puncture the ironbound preserver!
The ironbound preserver is moderately wounded.
The deep elf sorcerer hits Shatamurrim with a +0 long sword of electrocution!
The ironbound preserver gestures wildly while chanting.
The ironbound preserver begins to accept its allies' injuries.
You hit the ironbound preserver.
The ironbound preserver looks as sick as possible!
The ironbound preserver is moderately wounded.
The deep elf sorcerer points at you and mumbles some strange words.
The bolt of acid hits Shatamurrim!!!
The acid corrodes Shatamurrim!
The bolt of acid hits you. The acid corrodes you!
Shatamurrim hits the deep elf sorcerer with a +0 dagger of draining.
Shatamurrim drains the deep elf sorcerer.
Shatamurrim hits the ironbound preserver with a +0 dagger of draining!
Shatamurrim drains the ironbound preserver.
You hit the ironbound preserver.
The ironbound preserver looks as sick as possible!
The ironbound preserver is heavily wounded.
The deep elf sorcerer hits Shatamurrim with a +0 long sword of electrocution!
The ironbound preserver hits you with a +0 flail.
Your guardian golem overheats!
Shatamurrim completely misses the deep elf sorcerer.
You hit the ironbound preserver. You tail-slap the ironbound preserver.
The ironbound preserver is heavily wounded.
The deep elf sorcerer hits Shatamurrim with a +0 long sword of electrocution.
Lightning courses through Shatamurrim! Flame seeps out of your guardian golem.
Shatamurrim hits the ironbound preserver with a +0 dagger of draining!
Shatamurrim drains the ironbound preserver.
A deep elf death mage comes into view. It is wielding a +0 rapier.
The ironbound preserver hits you but does no damage.
Shatamurrim hits the ironbound preserver with a +0 dagger of draining!
You puncture the ironbound preserver!
The ironbound preserver looks as sick as possible!
You tail-slap the ironbound preserver, but do no damage.
The ironbound preserver is almost dead.
The deep elf sorcerer hits Shatamurrim with a +0 long sword of electrocution!
Lightning courses through Shatamurrim! Flame seeps out of your guardian golem.
Shatamurrim hits the deep elf sorcerer with a +0 dagger of draining!
Shatamurrim drains the deep elf sorcerer.
The ironbound preserver dies!
The deep elf sorcerer hits Shatamurrim with a +0 long sword of electrocution.
Your guardian golem is engulfed in blazing flames.
Your guardian golem disappears in a puff of smoke!
Your guardian golem explodes!
The fiery explosion engulfs Shatamurrim!!
Shatamurrim resists.
Shatamurrim is destroyed!
You hear a roar!
You hear a shout!
There is a gate leading back out of this place, spattered with blood here.
You block the deep elf sorcerer's attack.
You fly up through the gate.
Welcome back to the Dungeon!
There is a gate to the Vaults, spattered with blood here.
You start resting.
HP restored.
You start resting.
Magic restored.
Unknown command.
You start waiting.
You are no longer corroded.
Unknown command.
You start waiting.
Shatamurrim emerges from the mists of memory!
Unknown command.
You fly down through the gate.
Welcome back to the Vaults!
This branch contains the silver rune of Zot.
The tengu reaver points at you and mumbles some strange words.
The bolt of fire hits you!!
The tengu reaver points at you and mumbles some strange words.
The bolt of fire hits you!!!
* * * LOW HITPOINT WARNING * * *
There is a gate leading back out of this place, spattered with blood here.
You fly up through the gate.
Welcome back to the Dungeon!
There is a gate to the Vaults, spattered with blood here.
You start resting.
HP restored.
You're wearing all the rings you can.
Remove which one? (? for menu, Esc to cancel) < or
O - the ring of Saebiu {rPois Dex+3 SInv} > or
C - the ring "Xuazygic" {Fly rElec Int+4} You remove the ring "Xuazygic" {Fly rElec Int+4}.
You float gracefully downwards.
l - a ring of protection from fire (right hand) Unknown command.
You go down through the gate.
Welcome back to the Vaults!
This branch contains the silver rune of Zot.
An ironbound frostheart comes into view.
You block the deep elf sorcerer's attack.
The lindwurm breathes flames at you.
The blast of flame hits Shatamurrim.
Shatamurrim resists.
The blast of flame hits you. You resist.
There is a gate leading back out of this place, spattered with blood here.
HP restored.
The deep elf sorcerer casts a spell at you.
The bolt of acid misses you. The lindwurm breathes flames at you.
The blast of flame hits Shatamurrim!
Shatamurrim resists.
The blast of flame misses you.
You go up through the gate.
Welcome back to the Dungeon!
There is a gate to the Vaults, spattered with blood here.
You puncture the deep elf sorcerer! You tail-slap the deep elf sorcerer.
The deep elf sorcerer is moderately wounded.
You block the deep elf sorcerer's attack.
You hit the deep elf sorcerer.
Your tail-slap misses the deep elf sorcerer.
The deep elf sorcerer is moderately wounded.
You closely miss the deep elf sorcerer.
The deep elf sorcerer is moderately wounded.
You block the deep elf sorcerer's attack.
Shatamurrim casts a spell at the deep elf sorcerer.
The deep elf sorcerer resists with almost no effort.
You puncture the deep elf sorcerer!
The deep elf sorcerer is poisoned.
You tail-slap the deep elf sorcerer!
The deep elf sorcerer is heavily wounded.
You block the deep elf sorcerer's attack.
You closely miss the deep elf sorcerer.
The deep elf sorcerer is heavily wounded.
Shatamurrim closely misses the deep elf sorcerer.
Shatamurrim hits the deep elf sorcerer with a +0 dagger of draining!
Shatamurrim drains the deep elf sorcerer.
The deep elf sorcerer gestures at Shatamurrim while chanting.
The bolt of acid misses Shatamurrim.
You closely miss the deep elf sorcerer.
The deep elf sorcerer is severely wounded.
Shatamurrim barely misses the deep elf sorcerer.
You closely miss the deep elf sorcerer.
The deep elf sorcerer is severely wounded.
Shatamurrim closely misses the deep elf sorcerer.
The deep elf sorcerer howls an incantation.
You feel disoriented.
You block the deep elf sorcerer's attack.
Shatamurrim hits the deep elf sorcerer with a +0 dagger of draining.
Shatamurrim drains the deep elf sorcerer.
You barely miss the deep elf sorcerer.
The deep elf sorcerer is almost dead.
Shatamurrim hits the deep elf sorcerer with a +0 dagger of draining!!
The deep elf sorcerer dies!
No target in view!
No target in view!
You start resting.
Ancestor HP restored.
Things that are here:
a +0 long sword of electrocution; a deep troll skeleton
There is a gate to the Vaults, spattered with blood here.
You go down through the gate.
Welcome back to the Vaults!
This branch contains the silver rune of Zot.
There is a gate leading back out of this place, spattered with blood here.
The lindwurm breathes flames at you. The blast of flame hits you! You resist.
The deep elf death mage points at you and mumbles some strange words.
The bolt of negative energy hits Shatamurrim.
Shatamurrim completely resists.
The bolt of negative energy hits you!
You feel drained.
Shatamurrim hits the deep elf death mage with a +0 dagger of draining.
Shatamurrim drains the deep elf death mage.
The deep elf death mage closely misses Shatamurrim.
Shatamurrim hits the deep elf death mage with a +0 dagger of draining.
Shatamurrim hits the deep elf death mage with a +0 dagger of draining!
The deep elf death mage closely misses Shatamurrim.
Shatamurrim closely misses the deep elf death mage.
You reach to attack!
You puncture the lindwurm!
The lindwurm looks as sick as possible!
The lindwurm is lightly wounded.
Shatamurrim hits the deep elf death mage with a +0 dagger of draining!
The deep elf death mage barely misses Shatamurrim.
Shatamurrim misses the deep elf death mage.
You hit the lindwurm. You tail-slap the lindwurm!
The lindwurm is heavily wounded.
Shatamurrim hits the deep elf death mage with a +0 dagger of draining.
The deep elf death mage hits Shatamurrim with a +0 rapier!
The lindwurm breathes flames at you. The blast of flame hits you! You resist.
You puncture the lindwurm!
The lindwurm looks as sick as possible!
The lindwurm is severely wounded.
Shatamurrim hits the deep elf death mage but does no damage.
Shatamurrim drains the deep elf death mage.
Shatamurrim barely misses the deep elf death mage.
You hit the lindwurm.
The lindwurm looks as sick as possible!
The lindwurm is severely wounded.
The deep elf death mage closely misses Shatamurrim.
You block the lindwurm's attack. The lindwurm barely misses you.
You block the lindwurm's attack.
Shatamurrim hits the deep elf death mage with a +0 dagger of draining.
Shatamurrim drains the deep elf death mage.
You hit the lindwurm.
The lindwurm looks as sick as possible!
The lindwurm is almost dead.
Shatamurrim hits the deep elf death mage with a +0 dagger of draining!
Shatamurrim drains the deep elf death mage.
You block the lindwurm's attack. The lindwurm claws you.
You block the lindwurm's attack.
The deep elf death mage hits Shatamurrim with a +0 rapier.
Shatamurrim hits the deep elf death mage with a +0 dagger of draining!
The deep elf death mage dies!
You puncture the lindwurm!
You kill the lindwurm!
No target in view!
A tengu reaver is nearby!
What are your orders? t - Shout!
Orders for allies: a - Attack new target. r - Retreat! s - Stop attacking. g - Guard the area. f - Follow me.
Anything else - Cancel.
Gang up on whom?
Press: ? - help, Dir - move target, f - tengu reaver
Aim: a tengu reaver, wielding a +2 long sword, wearing a +0 scale mail and wearing a +1 buckler of protection Attack!
Casting: Summon Guardian Golem (safe; 1% risk of failure)
Confirm with . or Enter, or press ? or * to list all spells.
A guardian golem appears, shielding your allies.
The tengu reaver points at you and mumbles some strange words.
The bolt of acid hits Shatamurrim!!
The acid corrodes Shatamurrim!
The bolt of acid hits your guardian golem!!!
The acid corrodes your guardian golem! The bolt of acid hits you!!
The acid corrodes you!
Your guardian golem is destroyed!
Your guardian golem disappears in a puff of smoke!
Shatamurrim hits the tengu reaver with a +0 dagger of draining!
Shatamurrim drains the tengu reaver.
Shatamurrim points at the tengu reaver and mumbles some strange words.
The tengu reaver easily resists.
Shatamurrim hits the tengu reaver with a +0 dagger of draining!
The tengu reaver gestures at you while chanting.
The bolt of fire hits you! You resist.
Shatamurrim casts a spell at the tengu reaver.
The tengu reaver easily resists.
You reach to attack!
You hit the tengu reaver.
The tengu reaver is poisoned.
The tengu reaver is moderately wounded.
You barely miss the tengu reaver.
The tengu reaver is moderately wounded.
The tengu reaver blocks Shatamurrim's attack.
The ironbound frostheart barely misses Shatamurrim.
Shatamurrim hits the tengu reaver with a +0 dagger of draining!
The tengu reaver barely misses you. You block the tengu reaver's attack. x2
You hit the tengu reaver but do no damage.
Your tail-slap misses the tengu reaver.
The tengu reaver is heavily wounded.
The tengu reaver blocks Shatamurrim's attack.
The ironbound frostheart barely misses Shatamurrim.
Shatamurrim casts a spell at the tengu reaver.
The tengu reaver easily resists.
You hit the tengu reaver.
The tengu reaver looks as sick as possible!
Your tail-slap misses the tengu reaver.
The tengu reaver is heavily wounded.
The tengu reaver casts a spell at you.
The bolt of poison hits you but does no damage.
You are poisoned.
You resist.
You feel very sick.
Shatamurrim is no longer covered in acid.
The ironbound frostheart touches Shatamurrim.
The ironbound frostheart freezes Shatamurrim!
Shatamurrim resists.
Shatamurrim hits the ironbound frostheart with a +0 dagger of draining.
Shatamurrim drains the ironbound frostheart.
Shatamurrim hits the ironbound frostheart but does no damage.
Shatamurrim drains the ironbound frostheart.
There is a gate leading back out of this place, spattered with blood here.
The tengu reaver blocks your attack.
The tengu reaver is heavily wounded.
You feel very sick.
Shatamurrim closely misses the ironbound frostheart.
You block the tengu reaver's attack. The tengu reaver pecks you.
You block the tengu reaver's attack.
Shatamurrim gestures at the ironbound frostheart while chanting.
The ironbound frostheart resists with some effort.
You hit the tengu reaver but do no damage.
The tengu reaver looks as sick as possible!
Your tail-slap misses the tengu reaver.
The tengu reaver is heavily wounded.
You feel sick.
The tengu reaver gestures at you while chanting.
The bolt of negative energy hits you!!!
You feel drained.
* * * LOW HITPOINT WARNING * * *
You feel sick.
Shatamurrim hits the ironbound frostheart with a +0 dagger of draining.
Shatamurrim drains the ironbound frostheart.
You block the tengu reaver's attack. The tengu reaver closely misses you.
You block the tengu reaver's attack.
You go up through the gate.
Welcome back to the Dungeon!
You feel sick.
There is a gate to the Vaults, spattered with blood here.
Shatamurrim is recalled.
You feel sick.
The tengu reaver hits you with a +2 long sword.
* * * LOW HITPOINT WARNING * * *
You block the tengu reaver's attack.
The tengu reaver claws you but does no damage.
Aiming: Corrosive Bolt
Press: ? - help, Shift-Dir - straight line, f - tengu reaver
Aim: a tengu reaver, wielding a +2 long sword, wearing a +0 scale mail and wearing a +1 buckler of protection (severely wounded, extremely poisoned, lightly drained, ally target, 50% to hit)
The bolt of acid misses the tengu reaver.
You feel sick. The tengu reaver casts a spell at you.
The bolt of acid hits you!!!
You die...

#.#
#################.#
#..................
#...........)......
#.#########...#####
#.#########........
#..................
#####################
#)'[@[§§#############
###)RQ#§#............
#)'...'~#............
###...#~#.....<.....[
#['...'.#............
###...#.#............
#['...'§#...........(
###...#§#............
#['..~'~#############


You could see the friendly Shatamurrim the hexer and a tengu reaver (extremely
poisoned, drained, ally target).

Vanquished Creatures
  A tentacled monstrosity (Swamp:4)
  A fenstrider witch (Swamp:2)
  A frost giant (D:12)
  A very ugly thing (Swamp:4)
  2 orc warlords (D:15)
  An ironbound preserver (D:13)
  Nessos (Lair:3)
  3 eleionomae
  A green death (Swamp:4)
  A yaktaur captain (Vaults:1)
  A vault guard (D:13)
  Harold (D:10)
  6 hydras
  A ghost crab (Swamp:3)
  7 anacondas
  2 ogre magi
  3 boulder beetles
  3 centaur warriors
  3 alligators
  An orc high priest (D:15)
  3 thrashing horrors (Lair:5)
  4 two-headed ogres (Orc:2)
  3 death yaks
  4 naga sharpshooters
  Sonja (Lair:1)
  A shock serpent (Snake:1)
  A hell knight (D:15)
  A deep troll (D:13)
  A salamander mystic (Snake:2)
  2 goliath frogs (Swamp:3)
  A death drake (Swamp:2)
  A swamp dragon (Swamp:2)
  2 spriggan druids (Swamp:3)
  4 bog bodies
  A lindwurm (Vaults:1)
  2 ironbound convokers
  A necromancer (D:15)
  5 ugly things
  6 orc knights
  5 salamanders
  7 cyclopes
  7 manticores
  3 will-o-the-wisps
  7 elephants
  A vault sentinel (D:13)
  4 naga magi
  6 cane toads
  9 black mambas
  A smoke demon (Lair:5)
  A torpor snail (Lair:5)
  2 gargoyles
  An unseen horror (D:12)
  5 rime drakes
  2 orange demons (Swamp:4)
  A freezing wraith (D:13)
  A tengu conjurer (D:15)
  7 komodo dragons
  2 efreet
  A kobold demonologist (D:13)
  3 yaktaurs
  An ancient zyme (Lair:5)
  A bloated husk (Swamp:3)
  4 trolls
  7 hornets
  12 blink frogs
  9 slime creatures
  A tarantella (Lair:1)
  A nameless horror (D:11)
  A centaur simulacrum (D:13)
  A spriggan (Swamp:1)
  Sigmund (D:6)
  A ynoxinul (Lair:5)
  4 shadows
  2 water elementals (D:12)
  5 wraiths
  4 basilisks
  3 fire bats (Lair:4)
  23 yaks
  2 wyverns
  3 humans (D:13)
  2 redbacks (Lair:1)
  3 large abominations (Swamp:4)
  2 steam dragons
  5 vampire mosquitoes
  9 nagas
  4 wargs (Orc:1)
  Edmund (D:6)
  10 swamp worms
  Duvessa (D:7)
  11 water moccasins
  A swamp drake (Swamp:2)
  24 orc warriors
  2 black bears
  A sky beast (D:7)
  2 ogres
  12 wolves
  7 centaurs
  A phantom (D:4)
  5 kobold brigands
  5 bullfrogs
  A necrophage (D:5)
  2 scorpions (D:5)
  5 wights
  Dowan (D:7)
  A killer bee (D:7)
  8 electric eels
  11 howler monkeys
  A hound (D:4)
  6 small abominations (Lair:5)
  A jelly (D:6)
  4 gnoll boudas
  11 orc priests
  3 hexers
  12 orc wizards
  19 gnolls
  12 adders
  3 shadow imps
  A white imp (D:5)
  2 ufetubi
  2 worms (D:3)
  3 dart slugs
  38 orcs
  8 endoplasms
  2 giant cockroaches
  4 goblins
  7 hobgoblins
  2 jackals (D:1)
  16 kobolds
  2 quokkas
  9 ball pythons
  13 bats
  3 frilled lizards
  5 rats
573 creatures vanquished.

Vanquished Creatures (collateral kills)
  Nikola (Snake:2)
  Jorgrun (D:12)
  Mlioglotl (Swamp:1)
  Gastronok (Lair:1)
  A fenstrider witch (Swamp:4)
  A deep elf sorcerer (D:13)
  2 ironbound preservers
  A very ugly thing (D:13)
  A bunyip (Swamp:3)
  A deep elf death mage (Vaults:1)
  A green death (Swamp:4)
  9 hydras
  A vault guard (D:13)
  A ghost crab (Swamp:3)
  A catoblepas (Lair:2)
  2 centaur warriors
  A two-headed ogre (Orc:2)
  2 boulder beetles
  5 alligators
  A satyr (shapeshifter) (Lair:5)
  5 naga warriors
  A death yak (Lair:5)
  3 orc high priests
  A tengu warrior (D:15)
  6 goliath frogs
  5 swamp dragons (Swamp:4)
  2 deep trolls (D:13)
  2 bog bodies
  2 spriggan druids (Swamp:3)
  A lindwurm (Lair:3)
  2 deep elf pyromancers
  9 ugly things
  2 mana vipers (Snake:1)
  2 orc sorcerers (Orc:2)
  A manticore (D:13)
  A cyclops (D:13)
  3 salamanders
  8 black mambas
  A vault sentinel (D:13)
  11 elephants
  5 cane toads
  A guardian serpent (Snake:3)
  3 naga magi
  3 rime drakes (Lair:5)
  A komodo dragon (shapeshifter) (D:12)
  9 komodo dragons
  2 tengu conjurers (D:14)
  2 ancient zymes (Lair:5)
  A polar bear (Lair:3)
  3 trolls
  A nameless horror (Swamp:4)
  7 slime creatures
  2 tyrant leeches (Swamp:4)
  2 hornets
  11 blink frogs
  8 spriggans
  A shadow (D:10)
  2 wraiths
  A wyvern (Lair:3)
  2 water elementals (D:12)
  5 humans (D:13)
  2 basilisks
  13 yaks
  A golden eye (shapeshifter) (D:12)
  A chaos spawn (Lair:5)
  2 steam dragons
  9 vampire mosquitoes
  A redback (Lair:1)
  3 wargs
  10 swamp worms
  13 nagas
  An acid dragon (D:13)
  9 orc warriors
  4 water moccasins
  A sky beast (D:7)
  2 swamp drakes
  A centaur (D:13)
  7 wolves
  2 ogres
  3 kobold brigands
  4 bullfrogs
  A scorpion (D:6)
  6 wights
  3 small abominations (Lair:5)
  2 killer bees (D:7)
  An electric eel (D:12)
  A vampire bat (Lair:4)
  4 howler monkeys
  An orc priest (D:6)
  An iguana (D:5)
  Ijyb (D:5)
  11 orc wizards
  Natasha (twice) (D:3)
  6 gnolls
  A white imp (D:7)
  A worm (D:5)
  29 orcs
  A bat (shapeshifter) (D:12)
  8 kobolds
344 creatures vanquished.

Vanquished Creatures (others)
  A tentacled monstrosity (Swamp:4)
  Rupert (Lair:3)
  An orc warlord (Orc:2)
  A very ugly thing (D:13)
  2 ettins
  5 hydras
  A vault guard (D:13)
  An ice dragon (D:12)
  A centaur warrior (D:12)
  A death knight (D:15)
  An alligator (Swamp:4)
  An anaconda (Snake:1)
  A death yak (Lair:5)
  A naga warrior (Snake:2)
  Urug (Lair:1)
  A naga sharpshooter (Snake:1)
  2 two-headed ogres (D:12)
  A shock serpent (Snake:1)
  An orc high priest (Orc:2)
  A skeletal warrior (D:15)
  3 deep trolls
  2 spriggan druids
  A bog body (Swamp:4)
  A naga ritualist (Snake:1)
  2 mana vipers (Snake:1)
  2 orc sorcerers (Orc:2)
  3 ugly things
  A cyclops (D:13)
  6 black mambas
  2 elephants
  2 orange demons (Swamp:4)
  2 naga magi
  A yaktaur (Vaults:1)
  2 freezing wraiths
  2 komodo dragons
  2 tyrant leeches
  A bloated husk (Swamp:4)
  2 trolls (D:12)
  A polar bear (Lair:1)
  4 blink frogs
  2 slime creatures
  A ynoxinul (Lair:5)
  A wraith (D:15)
  A basilisk (Lair:3)
  A human (D:13)
  9 yaks
  A naga (Snake:2)
  A water moccasin (Lair:3)
  4 orc warriors (D:15)
  2 small abominations (Lair:5)
  2 orc priests (Orc:2)
  An orc wizard (D:15)
  54 hexers
  3 orcs (Orc:2)
  17 foxfires
  18 fungi
  122 plants
308 creatures vanquished.

Grand Total: 1225 creatures vanquished

Notes
Turn   | Place    | Note
-------+----------+-------------------------------------------
     0 | D:1      | sleeves the Armataur Monk began the quest for the Orb.
     0 | D:1      | Reached XP level 1. HP: 19/19 MP: 1/1
   179 | D:1      | Reached XP level 2. HP: 20/26 MP: 2/2
   279 | D:1      | Reached skill level 3 in Polearms
   642 | D:1      | Found a faded altar of an unknown god.
   991 | D:1      | Reached XP level 3. HP: 23/32 MP: 3/3
  1161 | D:2      | HP: 15/32 [quokka (2)]
  1166 | D:2      | HP: 12/32 [poisoned by an adder]
  1302 | D:2      | HP: 16/32 [poisoned by an adder]
  1319 | D:2      | Reached skill level 4 in Polearms
  1321 | D:2      | HP: 12/32 [frozen (5)]
  1325 | D:2      | Reached XP level 4. HP: 12/39 MP: 4/4
  1825 | D:3      | HP: 19/39 [poisoned by an adder]
  2269 | D:3      | Noticed Natasha
  2293 | D:3      | Reached skill level 1 in Armour
  2719 | D:4      | Reached XP level 5. HP: 39/44 MP: 5/5
  2818 | D:4      | Reached skill level 2 in Armour
  2958 | D:3      | HP: 22/44 [gnoll/+1 flail of protection[a gnoll bouda] (3)]
  3069 | D:3      | HP: 22/44 [gnoll/+0 flail[a gnoll bouda] (9)]
  3228 | D:4      | HP: 20/44 [gnoll bouda/+0 club (6)]
  3233 | D:4      | HP: 18/44 [gnoll bouda/+0 club (3)]
  3235 | D:4      | Reached skill level 5 in Polearms
  3235 | D:4      | Reached skill level 3 in Armour
  3724 | D:4      | Noticed a phantom
  3866 | D:5      | Entered Level 5 of the Dungeon
  3977 | D:5      | Found Tadde's Weapon Shop.
  4016 | D:5      | Reached XP level 6. HP: 50/53 MP: 6/6
  4088 | D:4      | HP: 26/53 [adder (2)]
  4350 | D:5      | Found an iron altar of Okawaru.
  4350 | D:5      | Found a shadowy altar of Dithmenos.
  4355 | D:5      | Found an ancient bone altar of Kikubaaqudgha.
  4407 | D:5      | Reached skill level 1 in Throwing
  4407 | D:5      | Reached skill level 4 in Armour
  4432 | D:5      | Noticed Ijyb
  5401 | D:4      | Reached skill level 2 in Throwing
  5401 | D:4      | Reached XP level 7. HP: 35/58 MP: 7/7
  5648 | D:5      | Found a hazy altar of Hepliaklqana.
  5742 | D:5      | Became a worshipper of Hepliaklqana the Forgotten
  5742 | D:5      | Reached * piety under Hepliaklqana
  5742 | D:5      | Reached ** piety under Hepliaklqana
  5743 | D:5      | Remembered your ancestor Shatamurrim as a hexer
  5871 | D:3      | Killed Natasha
  5916 | D:3      | Noticed Natasha
  5925 | D:3      | Killed Natasha
  6148 | D:5      | Killed Ijyb
  6246 | D:6      | Noticed a steam dragon
  6281 | D:6      | Reached skill level 6 in Polearms
  6292 | D:6      | Reached skill level 3 in Throwing
  6519 | D:6      | Killed a steam dragon
  6520 | D:6      | Reached skill level 4 in Throwing
  6520 | D:6      | Reached XP level 8. HP: 52/60 MP: 5/8
  6591 | D:6      | Noticed Edmund
  6603 | D:6      | Killed Edmund
  6604 | D:6      | Reached skill level 7 in Polearms
  6616 | D:6      | Noticed Sigmund
  6654 | D:6      | Killed Sigmund
  6655 | D:6      | Reached skill level 5 in Throwing
  6943 | D:6      | Found a staircase to the Ecumenical Temple.
  7087 | D:7      | Noticed Dowan
  7088 | D:7      | Noticed Duvessa
  7102 | D:7      | Killed Duvessa
  7109 | D:7      | Killed Dowan
  7169 | D:7      | Reached skill level 6 in Throwing
  7189 | D:7      | Reached XP level 9. HP: 59/65 MP: 9/9
  7334 | D:7      | Reached skill level 8 in Polearms
  7443 | D:7      | Reached *** piety under Hepliaklqana
  7474 | D:7      | Reached skill level 3 in Fighting
  7481 | D:7      | Reached skill level 3 in Stealth
  8134 | D:8      | Reached skill level 4 in Stealth
  8170 | D:8      | Reached skill level 4 in Fighting
  8436 | D:8      | HP: 34/68 [poisoned by a killer bee]
  8671 | D:8      | Learned a level 3 spell: Summon Guardian Golem
  8865 | D:8      | Reached skill level 5 in Stealth
  8865 | D:8      | Reached skill level 1 in Summonings
  9025 | D:8      | Found a blossoming altar of Fedhas.
  9406 | D:9      | Reached XP level 10. HP: 74/77 MP: 10/10
  9532 | D:8      | Reached skill level 2 in Summonings
  9638 | D:9      | Reached skill level 5 in Fighting
  9640 | D:9      | Reached skill level 6 in Stealth
  9641 | D:9      | Reached skill level 9 in Polearms
  9804 | D:9      | Reached **** piety under Hepliaklqana
  9883 | D:9      | Reached skill level 3 in Summonings
  9903 | D:9      | HP: 38/78 [yak (5)]
 10087 | D:9      | Reached skill level 7 in Stealth
 10208 | D:9      | Found Nycvun's Weapon Boutique.
 10209 | D:9      | Found Setz's Book Shop.
 10211 | D:9      | Found Koppot's Armour Shoppe.
 10213 | D:9      | Found Avieryrhu's Assorted Antiques.
 10517 | D:9      | Learned a level 4 spell: Summon Ice Beast
 10545 | D:10     | Entered Level 10 of the Dungeon
 10596 | D:10     | Reached skill level 6 in Fighting
 10622 | D:10     | Noticed Harold
 10688 | D:10     | Found a staircase to the Lair.
 10703 | D:10     | Reached skill level 4 in Summonings
 10762 | D:10     | Noticed a gargoyle
 10850 | D:10     | Noticed a deep elf pyromancer
 10855 | D:10     | Killed a deep elf pyromancer
 10856 | D:10     | Reached XP level 11. HP: 85/88 MP: 11/11
 10945 | D:10     | Found a flagged portal.
 10956 | Bailey   | Entered a bailey
 11003 | Bailey   | Reached skill level 8 in Stealth
 11080 | Bailey   | Noticed an orc knight
 11106 | Bailey   | Killed an orc knight
 11225 | Bailey   | Identified the +6 morningstar "Goblinbane" {pain, Int+3}
 11235 | Bailey   | Found a burning altar of Makhleb.
 11320 | D:10     | Killed Harold
 11635 | D:10     | Reached skill level 7 in Fighting
 11641 | D:10     | Reached skill level 10 in Polearms
 12125 | D:11     | Reached skill level 5 in Summonings
 12333 | D:11     | Reached ***** piety under Hepliaklqana
 12347 | D:11     | Found a hide-covered altar of Uskayaw.
 12418 | D:11     | Found a frozen archway.
 12426 | D:11     | Reached skill level 9 in Stealth
 13021 | D:12     | You fall into a shaft and drop 2 floors!
 13039 | D:14     | Identified the +6 long sword of Distant Shores {spect,
                  | +Blink}
 13052 | D:13     | Noticed a boulder beetle
 13060 | D:13     | Killed a boulder beetle
 13118 | D:13     | Noticed a boulder beetle
 13184 | D:14     | Noticed a centaur warrior
 13324 | D:13     | HP: 41/89 [vampire mosquito (8)]
 13485 | D:12     | Noticed a boulder beetle
 13523 | D:12     | Killed a boulder beetle
 13528 | D:12     | Noticed a centaur warrior
 13643 | D:13     | Noticed a centaur warrior
 13652 | D:13     | HP: 45/91 [centaur warrior/arrow (9)]
 13720 | D:13     | Killed a centaur warrior
 13721 | D:13     | Reached skill level 6 in Summonings
 13721 | D:13     | Reached XP level 12. HP: 71/97 MP: 12/12
 13901 | D:13     | Killed a boulder beetle
 13902 | D:13     | Reached skill level 8 in Fighting
 13902 | D:13     | Reached skill level 10 in Stealth
 13940 | D:13     | Noticed a four-headed hydra
 13946 | D:13     | Noticed a centaur warrior
 14030 | D:12     | Noticed a five-headed hydra
 14128 | Lair:1   | Entered Level 1 of the Lair of Beasts
 14146 | Lair:1   | Noticed Gastronok
 14176 | Lair:1   | Killed Gastronok
 14377 | Lair:1   | Reached skill level 11 in Polearms
 14439 | Lair:1   | Noticed Sonja
 14443 | Lair:1   | Killed Sonja
 14444 | Lair:1   | Reached skill level 7 in Summonings
 14496 | Lair:1   | Reached skill level 9 in Fighting
 14528 | Lair:1   | Found a runed translucent door.
 14741 | Lair:1   | Noticed Urug
 14757 | Lair:1   | Killed Urug
 15407 | Lair:2   | Noticed a catoblepas
 15407 | Lair:2   | You fall into a shaft and drop 1 floor!
 15511 | Lair:3   | Identified the +3 mace "Torohuz" {freeze, Str+3 Int-5
                  | Dex+3}
 15611 | Lair:3   | Noticed Nessos
 15620 | Lair:3   | Reached skill level 1 in Shields
 15626 | Lair:3   | Killed Nessos
 15627 | Lair:3   | Reached skill level 2 in Shields
 15634 | Lair:3   | Reached XP level 13. HP: 92/108 MP: 5/13
 15757 | Lair:3   | Reached skill level 3 in Shields
 15930 | Lair:2   | Reached skill level 8 in Summonings
 16013 | Lair:2   | Reached ****** piety under Hepliaklqana
 16046 | Lair:2   | Reached skill level 4 in Shields
 16176 | Lair:2   | Reached skill level 10 in Fighting
 16592 | Lair:3   | Reached skill level 5 in Shields
 16704 | Lair:3   | Noticed Rupert
 16766 | Lair:3   | Identified the +1 leather armour of Watchfulness {Dex+4}
 16811 | Lair:3   | Found a staircase to the Snake Pit.
 16833 | Lair:3   | Reached skill level 12 in Polearms
 16838 | Lair:3   | Reached skill level 6 in Shields
 16946 | Lair:3   | Identified a scroll of acquirement
 16993 | Lair:3   | Reached skill level 7 in Shields
 17113 | Lair:3   | Identified the ring of Saebiu {rPois Dex+3 SInv}
 17336 | Lair:4   | Reached skill level 8 in Shields
 17390 | Lair:4   | Found a staircase to the Slime Pits.
 17406 | Lair:4   | Reached skill level 9 in Summonings
 17467 | Lair:4   | Found a shimmering altar of Xom.
 17557 | Lair:4   | Found a transporter.
 17617 | Lair:4   | Found a transporter.
 17856 | Lair:4   | Reached skill level 9 in Shields
 17924 | Lair:4   | Noticed Muuss's ghost (adept GnHW)
 17925 | Lair:4   | Found a bloodstained altar of Trog.
 18155 | Lair:5   | Entered Level 5 of the Lair of Beasts
 18495 | Lair:5   | Reached skill level 10 in Shields
 18495 | Lair:5   | Reached XP level 14. HP: 103/117 MP: 3/14
 18506 | Lair:5   | HP: 58/117 [rime drake/flash freeze (20)]
 18712 | Lair:5   | HP: 49/117 [elephant (14)]
 19134 | Lair:5   | Reached skill level 11 in Shields
 19134 | Lair:5   | Reached skill level 1 in Invocations
 19356 | Lair:5   | Reached skill level 13 in Polearms
 19452 | Lair:5   | Reached skill level 2 in Invocations
 19560 | Lair:5   | Reached skill level 10 in Summonings
 19622 | Lair:5   | Got Geashoy's Almanac of Excavation and the Chill
 19689 | Lair:5   | HP: 41/117 [red ugly thing (20)]
 19808 | Lair:5   | HP: 56/117 [komodo dragon (18)]
 19923 | Lair:5   | Reached skill level 3 in Invocations
 20066 | Lair:5   | Reached skill level 12 in Shields
 20196 | Lair:5   | Learned a level 4 spell: Passage of Golubria
 20386 | Lair:5   | Reached skill level 1 in Translocations
 20520 | Lair:5   | Found a corrupted altar of Lugonu.
 20520 | Lair:5   | Found a one-way gate to the infinite horrors of the Abyss.
 20616 | Lair:5   | an eleionoma changed into a sphinx
 20616 | Lair:5   | Noticed a sphinx (shapeshifter)
 20938 | D:12     | Reached skill level 4 in Invocations
 20978 | D:12     | Reached skill level 2 in Translocations
 21037 | D:12     | Noticed a frost giant
 21062 | D:12     | Killed a frost giant
 21230 | D:12     | Found a staircase to the Orcish Mines.
 21469 | D:12     | Reached skill level 13 in Shields
 21479 | D:12     | Reached skill level 3 in Translocations
 21656 | D:12     | Reached XP level 15. HP: 108/122 MP: 18/18
 21911 | D:12     | Noticed Jorgrun
 21928 | D:12     | Killed Jorgrun
 21929 | D:12     | Reached skill level 5 in Invocations
 22363 | Orc:1    | Entered Level 1 of the Orcish Mines
 22796 | Orc:1    | You fall into a shaft and drop 1 floor!
 22796 | Orc:2    | Entered Level 2 of the Orcish Mines
 22863 | Orc:2    | Reached skill level 4 in Translocations
 23089 | Orc:2    | HP: 49/122 [ettin/+0 dire flail (40)]
 23089 | Orc:2    | HP: 18/122 [ettin/+0 dire flail (31)]
 23196 | Orc:2    | Found a staircase to the Elven Halls.
 23215 | Orc:2    | HP: 58/122 [orc warrior/+0 halberd[an orc warlord] (11)]
 23217 | Orc:1    | HP: 21/122 [orc warrior/+0 scimitar[an orc warlord] (16)]
 24084 | Orc:2    | Reached skill level 14 in Shields
 24198 | Orc:2    | Found Vira's Weapon Emporium.
 24253 | Orc:2    | Reached skill level 11 in Summonings
 24264 | Orc:2    | Reached skill level 6 in Invocations
 24475 | Orc:2    | Reached skill level 5 in Translocations
 24541 | Orc:2    | Found Oceag's Jewellery Boutique.
 24541 | Orc:2    | Found Ycam's Assorted Antiques.
 24543 | Orc:2    | Found Ynniuh's Distillery.
 24543 | Orc:2    | Found Karoecub's General Store.
 24552 | Orc:2    | Bought a scroll of blinking for 135 gold pieces
 24554 | Orc:2    | Bought a heavily runed jade ring for 115 gold pieces
 24554 | Orc:2    | Identified the ring "Xuazygic" {Fly rElec Int+4} (You
                  | bought it in a shop on level 2 of the Orcish Mines)
 24638 | Orc:2    | Bought 2 scrolls of fear for 144 gold pieces
 24829 | D:9      | Bought a potion of heal wounds for 155 gold pieces
 24831 | D:9      | Bought a +1 pair of gloves of dexterity for 214 gold pieces
 24847 | D:9      | Bought a book of Maledictions for 416 gold pieces
 25163 | D:13     | HP: 60/122 [centaur warrior (4)]
 25169 | D:13     | HP: 61/122 [centaur[a centaur warrior] (2)]
 25387 | D:13     | Reached skill level 1 in Spellcasting
 25451 | D:13     | Found a gate to the Vaults.
 25568 | D:13     | HP: 55/122 [centaur warrior/arrow (17)]
 25801 | D:13     | Reached skill level 14 in Polearms
 25873 | D:14     | Reached skill level 2 in Spellcasting
 25986 | D:14     | Found a corrupted altar of Lugonu.
 26083 | D:14     | Reached skill level 7 in Invocations
 26361 | D:14     | Reached skill level 15 in Shields
 26363 | D:14     | Reached skill level 6 in Translocations
 26629 | D:14     | Reached XP level 16. HP: 118/129 MP: 19/21
 26725 | D:15     | Entered Level 15 of the Dungeon
 27023 | D:15     | Reached skill level 3 in Spellcasting
 27061 | D:15     | Found a staircase to the Depths.
 27349 | D:15     | HP: 62/129 [four-headed hydra (8)]
 27784 | D:15     | Found a runed translucent door.
 28235 | Lair:1   | Found a runed translucent gate.
 28235 | Lair:1   | Found a runed translucent gate.
 28235 | Lair:1   | Found a runed translucent gate.
 28235 | Lair:1   | Found a runed translucent gate.
 28235 | Lair:1   | Found a runed translucent gate.
 28237 | Lair:1   | Found a runed translucent gate.
 28507 | Lair:3   | Reached skill level 7 in Translocations
 28510 | Lair:3   | Reached skill level 8 in Invocations
 28618 | Lair:3   | Killed Rupert
 28750 | Lair:3   | Found a staircase to the Swamp.
 28904 | Snake:1  | Entered Level 1 of the Snake Pit
 28924 | Snake:1  | Found a runed translucent gate.
 28925 | Snake:1  | Noticed Bajut's ghost (adept DsGl)
 28926 | Snake:1  | Found a runed translucent gate.
 28928 | Snake:1  | Found a runed translucent gate.
 28961 | Snake:1  | Reached skill level 4 in Spellcasting
 29086 | Snake:1  | Learned a level 4 spell: Anguish
 29384 | Snake:1  | Reached skill level 12 in Summonings
 29996 | Snake:2  | HP: 62/129 [naga sharpshooter/arrow (8)]
 30109 | Snake:2  | Noticed Vashnia
 30251 | Snake:2  | Reached skill level 8 in Translocations
 30258 | Snake:2  | HP: 64/129 [salamander/+0 trident (11)]
 30326 | Snake:2  | Found a runed translucent gate.
 30326 | Snake:2  | Found a runed translucent gate.
 30326 | Snake:2  | Found a runed translucent gate.
 30330 | Snake:2  | Noticed Pooter's ghost (journeyman MiBe)
 30398 | Snake:1  | Reached skill level 5 in Spellcasting
 30427 | Snake:1  | Reached skill level 9 in Invocations
 30620 | Snake:2  | HP: 59/129 [naga sharpshooter/arrow (12)]
 30737 | Snake:2  | Reached skill level 1 in Hexes
 30975 | Snake:2  | Noticed Nikola
 31004 | Snake:2  | Reached skill level 2 in Hexes
 31047 | Snake:2  | Killed Nikola
 31185 | Snake:2  | Found Soacoar's Antique Armour Shop.
 31405 | Snake:3  | Reached skill level 3 in Hexes
 31544 | Snake:3  | Reached XP level 17. HP: 123/135 MP: 17/24
 31586 | Snake:3  | HP: 64/135 [naga sharpshooter/arrow (14)]
 31591 | Snake:3  | HP: 40/135 [anaconda[a naga ritualist] (11)]
 31897 | Swamp:1  | Entered Level 1 of the Swamp
 31957 | Swamp:1  | Reached skill level 10 in Invocations
 32242 | Swamp:1  | Reached skill level 4 in Hexes
 32266 | Swamp:1  | HP: 63/135 [five-headed hydra[a spriggan druid] (8)]
 32505 | Swamp:1  | Noticed Mlioglotl
 32521 | Swamp:1  | HP: 67/135 [themself] (15)]
 32650 | Swamp:1  | HP: 66/135 [smoke demon[Mlioglotl] (6)]
 32650 | Swamp:1  | Killed Mlioglotl
 33071 | Swamp:2  | Reached skill level 5 in Hexes
 33587 | Swamp:3  | HP: 63/135 [acid (8)]
 33898 | Swamp:3  | Reached skill level 11 in Invocations
 34023 | Swamp:3  | HP: 53/135 [alligator[a spriggan druid] (31)]
 34113 | Swamp:3  | Reached skill level 6 in Hexes
 34872 | Swamp:3  | Reached skill level 11 in Stealth
 35001 | Swamp:4  | Entered Level 4 of the Swamp
 35024 | Swamp:4  | Noticed a tentacled monstrosity
 35355 | Swamp:4  | HP: 64/135 [themself] (5)]
 35499 | Swamp:4  | Reached skill level 7 in Hexes
 35539 | Swamp:4  | Killed a tentacled monstrosity
 36042 | Swamp:4  | Reached skill level 12 in Stealth
 36632 | Swamp:4  | Reached skill level 8 in Hexes
 36633 | Swamp:4  | Noticed a tentacled monstrosity
 36649 | Swamp:4  | Killed a tentacled monstrosity
 36734 | Swamp:4  | HP: 60/135 [enormous slime creature (67)]
 36934 | Swamp:4  | Got a decaying rune of Zot
 37557 | Vaults:1 | Entered Level 1 of the Vaults
 37582 | Vaults:1 | Reached XP level 18. HP: 142/142 MP: 24/26
 37597 | D:13     | HP: 68/142 [white very ugly thing (17)]
 37631 | D:13     | Reached skill level 13 in Stealth
 37729 | D:13     | HP: 57/142 [dire elephant (16)]
 37758 | D:13     | HP: 63/142 [white ugly thing (4)]
 37759 | D:13     | HP: 28/142 [white ugly thing (15)]
 38191 | D:13     | Reached skill level 9 in Hexes
 38311 | Vaults:1 | HP: 64/142 [tengu reaver/bolt of fire (45)]
 38432 | Vaults:1 | HP: 38/130 [tengu reaver/bolt of negative energy (52)]
 38436 | D:13     | Killed from afar by a tengu reaver

Illustrated notes

Levels and vault maps discovered:
D:1:      dpeg_arrival_ternary, layout_loops_corners,
          shapermc_ecumenical_altar_acropolis, serial_bayou_pond_d
D:2:      layout_rooms, minmay_misc_feat_rows, minmay_misc_feat_square
D:3:      layout_rooms, dk_vineyard_2, minmay_misc_feat_pillars, uniq_natasha
D:4:      layout_basic
D:5:      layout_cave_pods, minitemple, worldfamousw_hep_ancestral_shrine,
          serial_shops, nicolae_shop_bloodbath_and_beyond, st_stairs_8,
          uniq_ijyb
D:6:      layout_cave_pools, minmay_temple_entry_proselytizer,
          sigmund_edmund_badplayer
D:7:      cheibrodos_steamvent, layout_basic, uniq_duvessa
D:8:      layout_cave_pools, mainiacjoe_overflow_surrounded_room,
          serial_column_ruins, column_ruins_hut_ruined, column_ruins_open_small,
          column_ruins_open_tiny, column_ruins_open_tiny, column_ruins_grid_4,
          nicolae_zen_rock_garden, kennysheep_generic_room_15
D:9:      layout_cave_pools, nicolae_wooded_promenade, kennysheep_flooded_box,
          st_stairs_2
D:10:     minmay_distorted_concentric_squares, layout_basic,
          david_lair_shrubbed, enter_bailey_2, uniq_harold
D:11:     layout_basic, portal_ice_cave_rime, serial_bayou, serial_bayou_lake_a,
          serial_bayou_shore_b, serial_bayou_pond_e, serial_bayou_pond_a,
          nicolae_uskayaw_dance_hall
D:12:     minmay_expanding_squares, layout_small_grid, orc_0_dummy,
          serial_bayou, serial_bayou_shore_a, serial_bayou_shore_b,
          serial_bayou_pond_c, serial_bayou_lagoon_b, serial_bayou_pond_d,
          kennysheep_dice, uniq_jorgrun
D:13:     layout_long_grid, ximxim_vaults_locker_room, minmay_pinched_square
D:14:     layout_irregular_city, serial_rivers, chequers_serial_rivers_marsh,
          chequers_serial_rivers_micro_e, chequers_serial_rivers_micro_b,
          chequers_serial_rivers_small_3, kennysheep_path_1, tgw_lugonu_bribe
D:15:     hangedman_depths_entry_civil_slaughter, layout_loops_ring,
          hangedman_abyss_or_decor_clamps, lightli_church_of_beogh
Lair:1:   gammafunk_indiana_jones, layout_regular_city, uniq_sonja,
          uniq_gastronok, uniq_urug
Lair:2:   layout_regular_city
Lair:3:   layout_chaotic_city, palyth_hydra_swamp_entry,
          guppyfry_snake_entry_island, beast_lair_carwin_1, grunt_megastairs_3,
          uniq_rupert, uniq_nessos
Lair:4:   layout_hall_layers, slime_entry_1, basic_altar,
          gammafunk_ghost_wrathful_warriors, nicolae_volcano_entry_batcave,
          minmay_hedge_maze, st_stairs_9, roderic_batcave,
          chequers_serial_rivers_micro_a, lemuel_fruit_tree
Lair:5:   hellmonk_lair_end_abyssal_woods, layout_regular_city
Swamp:1:  layout_basic_swamp, evilmike_swamp_ruin_house_5,
          infiniplex_staircase_pool, uniq_mlioglotl
Swamp:2:  layout_basic_swamp, evilmike_swamp_ruin_rubble_1,
          nicolae_swamp_stuck_in_the_mud
Swamp:3:  layout_basic_swamp, evilmike_swamp_ruin_house_4, swamp_pool1
Swamp:4:  swamp_vile, layout_basic_swamp, swamp_pool1,
          infiniplex_staircase_pool_2
Snake:1:  layout_misc_corridors, ebering_ghost_rock_garden
Snake:2:  layout_misc_corridors, serial_shops, shop, gammafunk_ghost_split,
          uniq_nikola, uniq_vashnia
Snake:3:  layout_basic
Orc:1:    cheibrodos_orc_guarddog, layout_caves, basic_altar,
          lemuel_statue_altar
Orc:2:    grunt_orc_tribal_feast, layout_diamond_mine, gauntlet_entry_generic,
          serial_shops, shop_fountains, hellmonk_guarded_unrand_dark_maul
Vaults:1: nicolae_vaults_little_squares_5, hangedman_vaults_stitches,
          vaults_dpeg_cross, hangedman_vaults_pinch, dpeg_vaults_monster_row,
          nicolae_vaults_yaktaur_gun_rack, hangedman_vaults_trim,
          layout_vaults_chaotic_city

Skill      XL: |  1  2  3  4  5  6  7  8  9 10 11 12 13 14 15 16 17 18 |
---------------+-------------------------------------------------------+-----
Polearms       | 3 4 5 6 7 8 9 10 11 12 13 14 | 14.0
Armour         | 1 3 4 |  4.2
Throwing       | 2 4 6 |  6.4
Fighting       | 4 6 7 9 10 | 10.0
Stealth        | 5 7 9 10 12 13 | 13.0
Summonings     | 1 4 6 7 9 10 11 12 | 12.2
Shields        | 2 10 13 15 | 15.9
Invocations    | 4 7 9 11 | 11.0
Translocations | 3 6 8 |  8.1
Spellcasting   | 2 5 |  5.0
Hexes          | 3 8 9 |  9.2
Dodging        | |  2.1

Action                   |  1- 3 |  4- 6 |  7- 9 | 10-12 | 13-15 | 16-18 || total
-------------------------+-------+-------+-------+-------+-------+-------++-------
Melee: Spear             |   111 |   238 |    58 |       |       |       ||   407
       Tailslap          |    11 |    29 |    26 |    56 |   195 |   133 ||   450
       Punch             |       |     2 |     1 |     3 |       |       ||     6
       Halberd           |       |    21 |    21 |       |       |       ||    42
       Unarmed           |       |       |     2 |       |       |       ||     2
       Trident           |       |       |   176 |   452 |  1329 |  1058 ||  3015
Throw: Dart              |       |    19 |       |     6 |       |       ||    25
       Boomerang         |       |       |       |     3 |     4 |       ||     7
 Cast: Summon Guardian G |       |       |       |    16 |   115 |   109 ||   240
       Summon Ice Beast  |       |       |       |       |     2 |    84 ||    86
       Passage of Golubr |       |       |       |       |       |     6 ||     6
Invok: Recall Ancestor   |       |       |     5 |    10 |    38 |    38 ||    91
       Ancestor Life: He |       |       |     1 |       |       |       ||     1
       Idealise          |       |       |       |       |       |     3 ||     3
Evoke: Wand              |       |       |     2 |    18 |    14 |    11 ||    45
       Phantom mirror    |       |       |       |     1 |     2 |     2 ||     5
  Use: Potion            |     1 |       |     1 |       |     2 |     3 ||     7
       Scroll            |       |     5 |     2 |     8 |     9 |    19 ||    43
 Stab: Sleeping          |     6 |     7 |     2 |     8 |    11 |    11 ||    45
       Distracted        |       |       |     6 |    10 |    32 |    30 ||    78
       Confused          |       |       |     5 |    21 |    41 |    27 ||    94
       Paralysed         |       |       |       |       |    78 |    92 ||   170
       Invisible         |       |       |       |       |     5 |     1 ||     6
Armor: Robe              |    22 |    51 |     9 |       |       |       ||    82
       Leather armour    |       |     8 |    26 |    72 |   242 |   268 ||   616
       Ring mail         |       |       |    10 |       |       |       ||    10
       Steam dragon scal |       |       |    10 |       |       |       ||    10
Dodge: Dodged            |    45 |   102 |    87 |   104 |   190 |   164 ||   692
Block: Buckler           |       |       |       |       |   209 |   269 ||   478
       Tower shield      |       |       |       |       |       |    89 ||    89

Table legend: (Time is in decaauts)
 A = Elapsed time spent in this place.
 B = Non-inter-level travel time spent in this place.
 C = Inter-level travel time spent in this place.
 D = Time resting spent in this place.
 E = Time spent auto-exploring this place.
 F = Levels seen in this place.
 G = Mean time per level.
                   A        B        C        D        E       F      G
               +--------+--------+--------+--------+--------+-----+--------+
         Total |  37624 |  34074 |   3550 |   4234 |  19304 |  31 | 1213.7 |
       Dungeon |  19473 |  17445 |   2028 |   1957 |  10269 |  15 | 1298.2 |
          Lair |   7604 |   6734 |    870 |    634 |   4207 |   5 | 1520.8 |
         Swamp |   4976 |   4710 |    266 |    951 |   2477 |   4 | 1244.0 |
     Snake Pit |   2870 |   2670 |    200 |    533 |   1230 |   3 |  956.7 |
  Orcish Mines |   2251 |   2067 |    184 |    122 |    978 |   2 | 1125.5 |
        Vaults |    116 |    116 |      0 |      0 |     12 |   1 |  116.0 |
        Bailey |    331 |    331 |      0 |     37 |    130 |   1 |  331.0 |
               +--------+--------+--------+--------+--------+-----+--------+

Top non-repeatable levels by time:
    D:13: 2405 daAuts
  Lair:5: 2326 daAuts
 Swamp:4: 1886 daAuts
 Snake:1: 1676 daAuts
  Lair:3: 1665 daAuts
     D:4: 1639 daAuts
    D:12: 1635 daAuts
     D:5: 1557 daAuts
   Orc:2: 1476 daAuts
  Lair:1: 1462 daAuts
     D:3: 1340 daAuts
    D:15: 1323 daAuts
    D:11: 1303 daAuts
     D:9: 1224 daAuts
    D:10: 1211 daAuts
